 Dungeon Crawl Stone Soup version 0.23.2-1-ga50397a (webtiles) character file.

Game seed: 12538683882814534805

17426 TheAlmogaver the Thaumaturge (level 12, -6/109 HPs)
             Began as a Gnoll Wizard on Apr 22, 2019.
             Was an Elder of Ashenzari.
             Mangled by a blink frog (17 damage)
             ... on level 3 of the Lair of Beasts on Apr 23, 2019.
             The game lasted 01:59:21 (18305 turns).

TheAlmogaver the Thaumaturge (Gnoll Wizard)        Turns: 18305, Time: 01:59:22

Health: -6/109     AC:  7    Str: 12    XL:     12   Next: 47%
Magic:  21/26      EV: 14    Int: 24    God:    Ashenzari [****..]
Gold:   833        SH:  0    Dex: 13    Spells: 13/31 levels left

rFire    x . .     SeeInvis +     - Unarmed
rCold    + + +     Gourm    .   (shield currently unavailable)
rNeg     . . .     Faith    .   (armour currently unavailable)
rPois    +         Spirit   .   (helmet currently unavailable)
rElec    .         Reflect  .   (cloak currently unavailable)
rCorr    .         Harm     .   (gloves currently unavailable)
MR       .....     Clarity  +   (boots currently unavailable)
Stlth    ++++......             n - amulet of regeneration
HPRegen  0.68/turn              o - ring of protection from cold (curse)
MPRegen  0.20/turn              s - ring of stealth

@: ice-form, drained
A: large, distributed training, strong nose
a: End Transformation, Curse Item, Scrying, Renounce Religion


You were on level 3 of the Lair of Beasts.
You worshipped Ashenzari.
Ashenzari was greatly pleased with you.
You were not hungry.
You were a creature of crystalline ice.
You visited 3 branches of the dungeon, and saw 16 of its levels.

You collected 833 gold pieces.

Inventory:

Hand Weapons
 m - a +5 dagger of venom
Armour
 b - a +0 pair of gloves (melded)
 c - a cursed +1 pair of boots (melded)
 k - a cursed +0 leather armour (melded)
 u - a +0 cloak (melded)
 D - the +1 helmet of the Accordion (melded) {Regen+ Int+2 Stlth-}
   (You took it off Robin on level 4 of the Dungeon)

   It affects your intelligence (+2).
   It increases your rate of regeneration.
   It makes you less stealthy.
Magical Staves
 H - a cursed staff of power (melded)
Jewellery
 a - an uncursed amulet of the gourmand
 n - an amulet of regeneration (around neck)
 o - a cursed ring of protection from cold (left front paw)
 s - a ring of stealth (right front paw)
 t - an uncursed ring of resist corrosion
 B - an uncursed ring of see invisible
 J - a +2 ring of dexterity
 T - a +3 ring of dexterity
Wands
 p - a wand of enslavement (2)
 F - a wand of scattershot (6)
 I - a wand of iceblast (6)
 N - a wand of acid (5)
 O - a wand of polymorph (9)
 P - a wand of random effects (17)
 S - a wand of flame (4)
Scrolls
 h - 5 scrolls of remove curse
 j - 2 scrolls of fog
 l - 4 scrolls of blinking
 w - 3 scrolls of immolation
 y - 9 scrolls of teleportation
 E - a scroll of identify
 G - 3 scrolls of amnesia
 M - 2 scrolls of magic mapping
 Q - 2 scrolls of silence
 R - a scroll of enchant weapon
Potions
 e - 4 potions of magic
 f - 3 potions of lignification
 g - 5 potions of brilliance
 i - 4 potions of curing
 q - 5 potions of might
 r - 3 potions of cancellation
 v - 2 potions of heal wounds
 x - 2 potions of mutation
 z - 5 potions of agility
 A - 3 potions of haste
 C - 6 potions of flight
 K - 2 potions of ambrosia
Miscellaneous
 L - a lightning rod (2/4)
 U - a lightning rod (2/4)
Comestibles
 d - 27 rations


   Skills:
 + Level 7.2(6.1) Fighting
 + Level 7.2(6.1) Short Blades
 + Level 7.2(6.1) Long Blades
 + Level 7.2(6.1) Axes
 + Level 7.2(6.1) Maces & Flails
 + Level 7.2(6.1) Polearms
 + Level 7.2(6.1) Staves
 + Level 7.2(6.1) Slings
 + Level 7.2(6.1) Bows
 + Level 7.2(6.1) Crossbows
 + Level 7.2(6.1) Throwing
 + Level 7.2(6.1) Armour
 + Level 8.6(7.5) Dodging
 + Level 8.4(7.3) Stealth
 + Level 7.2(6.1) Shields
 + Level 7.2(6.1) Unarmed Combat
 + Level 10.1(12.1) Spellcasting
 + Level 6.4(5.4) Conjurations
 + Level 6.0(4.9) Hexes
 + Level 6.0(4.9) Charms
 + Level 6.4(5.4) Summonings
 + Level 6.0(4.9) Necromancy
 + Level 6.4(5.4) Translocations
 + Level 6.0(4.9) Transmutations
 + Level 6.0(4.9) Fire Magic
 + Level 6.0(4.9) Ice Magic
 + Level 6.0(4.9) Air Magic
 + Level 6.0(4.9) Earth Magic
 + Level 6.0(4.9) Poison Magic
 + Level 7.9(6.8) Invocations
 + Level 7.2(6.1) Evocations


You had 13 spell levels left.
You knew the following spells:

 Your Spells              Type           Power        Failure   Level  Hunger
a - Magic Dart            Conj           ####         1%          1    None
b - Blink                 Tloc           N/A          1%          2    None
c - Call Imp              Summ           #####...     1%          2    None
d - Conjure Flame         Conj/Fire      #####...     1%          3    None
e - Mephitic Cloud        Conj/Pois/Air  #####...     1%          3    None
f - Ice Form              Ice/Tmut       #####...     5%          4    None
g - Regeneration          Chrm/Necr      #####.....   1%          3    None

Your spell library contained the following spells:

 Spells                   Type           Power        Failure   Level  Hunger
 Beastly Appendage        Tmut           #####.       1%          1    None
 Infusion                 Chrm           ####         1%          1    None
 Shroud of Golubria       Chrm/Tloc      #####.....   1%          2    None
 Slow                     Hex            #####...     1%          2    None
 Song of Slaying          Chrm           #####...     1%          2    None
 Sticks to Snakes         Tmut           #####...     1%          2    None
 Spectral Weapon          Hex/Chrm       #####...     1%          3    None
 Spider Form              Tmut/Pois      #####.....   1%          3    None
 Blade Hands              Tmut           #####.....   16%         5    ###....


Dungeon Overview and Level Annotations

Branches:
Dungeon (12/15)            Temple (1/1) D:4            Lair (3/6) D:10
  Swamp: Lair:2-4    Shoals: Lair:2-4     Snake: Lair:2-4    Spider: Lair:2-4
    Orc: D:9-12

Altars:
Ashenzari
Cheibriados
Dithmenos
Elyvilon
Fedhas
Gozag
Hepliaklqana
Kikubaaqudgha
Makhleb
Nemelex Xobeh
Okawaru
Qazlal
Ru
Sif Muna
Trog
Uskayaw
Vehumet
Wu Jian
Xom
Yredelemnul
Zin
The Shining One
Beogh

Shops:
D:8 [

Annotations:
D:4 3 runed translucent doors, Aske's ghost, amateur GrGl
Lair:1 1 runed translucent door, Rwicked's ghost, journeyman DDFi


Innate Abilities, Weirdness & Mutations

Your experience applies equally to all skills.
((You have very sharp teeth.))
Your uncanny sense of smell can sniff out nearby items.


Message History

Your crimson imp blinks!
The blink frog hits you!
The blink frog blinks!
The blink frog blinks!
Your crimson imp easily resists.
The blink frog croaks.
The blink frog blinks!
Your crimson imp is moving more slowly.
The water moccasin barely misses you. The blink frog hits you!
* * * LOW HITPOINT WARNING * * *
The blink frog hits you!
* * * LOW HITPOINT WARNING * * *
The blink frog hits your crimson imp.
The blink frog blinks!
The blink frog barely misses you.
Your crimson imp blinks!
The blink frog blinks!
The blink frog misses you.
Something closely misses your crimson imp.
The water moccasin bites you but does no damage.
The blink frog hits you!
You die...

..............####P..###
..............## ....#
...........##..###...#
#.............##.##..##
P....#.5..#.[....#....##
...........#####....P...
###.#P...###
#..#.PPP##*, #####{..#
##F.# .###
#.{.####.FY#...P#
#..##.#..S.....##
#..§55........##
#.l##.#..P#...#
#.§####F####### #{##
#...# * *, ##5.##..... ,
* #.F.#....... * , , ,
##.F......... ,, ,,


You could see 3 blink frogs, a water moccasin and 2 friendly crimson imps.

Vanquished Creatures
  Josephine (D:11)
  A hydra (Lair:2)
  A two-headed ogre (D:9)
  Sonja (D:11)
  Nergalle (Lair:3)
  Pikel (D:7)
  2 ugly things
  A black mamba (Lair:2)
  A centaur skeleton (D:10)
  A gargoyle (D:11)
  5 spiny frogs
  3 blink frogs (Lair:1)
  A hippogriff (D:11)
  4 wraiths (D:11)
  A water elemental (D:11)
  2 yaks (D:9)
  A vampire (D:10)
  3 wyverns (D:10)
  A human (D:8)
  2 steam dragons (D:11)
  2 basilisks
  A hungry ghost (D:10)
  Duvessa (D:5)
  4 porcupines
  2 orc warriors
  A swamp drake (D:10)
  A necrophage (D:10)
  2 slaves (D:6)
  2 black bears (D:11)
  2 ice beasts
  A sky beast (D:6)
  2 phantoms
  An ogre (D:8)
  3 centaurs
  3 crocodiles
  8 bullfrogs
  A scorpion (D:4)
  6 wights
  14 killer bees
  9 electric eels
  4 howler monkeys
  A crimson imp (D:10)
  A bullfrog skeleton (D:8)
  A quasit (D:11)
  7 orc priests
  2 jellies (D:5)
  Natasha (twice) (D:4)
  12 orc wizards
  2 worker ants
  A hound skeleton (D:10)
  Robin (D:4)
  A howler monkey skeleton (D:10)
  12 adders
  4 gnolls
  2 shadow imps
  2 adder zombies
  2 adder skeletons (D:4)
  2 dart slugs
  5 leopard geckos
  25 orcs
  4 giant cockroaches
  13 goblins
  11 hobgoblins
  An iguana (D:5)
  7 jackals
  2 quokkas
  3 ball pythons
  7 bats
  6 frilled lizards
  A goblin zombie (D:8)
  4 kobolds
  A rat (D:1)
  A spectral orc (D:5)
250 creatures vanquished.

Vanquished Creatures (collateral kills)
  Erolcha (D:9)
  A two-headed ogre (D:10)
  A black mamba (Lair:2)
  A spiny frog (Lair:3)
  A rime drake (Lair:2)
  3 blink frogs
  Grinder (D:3)
  2 hippogriffs
  A yak (D:9)
  A spriggan (D:7)
  A basilisk (Lair:2)
  2 water moccasins
  A slave (D:6)
  An orc warrior (D:10)
  A sky beast (D:5)
  A phantom (D:6)
  An ogre (D:6)
  4 crocodiles
  3 scorpions
  Dowan (D:5)
  2 wights (D:9)
  2 howler monkeys
  A crimson imp (D:7)
  2 orc priests
  4 hounds
  A jelly (D:5)
  3 orc wizards
  A centaur skeleton (D:4)
  Natasha (D:4)
  3 iguanas
  4 worker ants
  A hound skeleton (D:4)
  8 gnolls
  An adder (D:2)
  An ooze (D:6)
  10 orcs
  A giant cockroach (D:4)
  2 goblins (D:4)
  2 hobgoblins
  4 jackals
  A quokka (D:4)
  A bat (D:3)
  A goblin skeleton (D:8)
86 creatures vanquished.

Vanquished Creatures (others)
  An electric eel (D:11)
  An iguana (D:7)
  2 fungi (Lair:3)
4 creatures vanquished.

Grand Total: 340 creatures vanquished

Notes
Turn   | Place    | Note
-------+----------+-------------------------------------------
     0 | D:1      | TheAlmogaver the Gnoll Wizard began the quest for the Orb.
     0 | D:1      | Reached XP level 1. HP: 13/13 MP: 8/8
   152 | D:1      | Reached XP level 2. HP: 19/19 MP: 5/10
   622 | D:1      | Reached XP level 3. HP: 25/25 MP: 7/11
   626 | D:1      | Learned a level 2 spell: Blink
   629 | D:1      | Learned a level 2 spell: Call Imp
   637 | D:1      | Learned a level 3 spell: Conjure Flame
   641 | D:1      | Learned a level 3 spell: Mephitic Cloud
   974 | D:2      | Reached skill level 1 in Invocations
  1299 | D:2      | Reached skill level 1 in Fighting
  1299 | D:2      | Reached skill level 1 in Short Blades
  1299 | D:2      | Reached skill level 1 in Long Blades
  1299 | D:2      | Reached skill level 1 in Axes
  1299 | D:2      | Reached skill level 1 in Maces & Flails
  1299 | D:2      | Reached skill level 1 in Polearms
  1299 | D:2      | Reached skill level 1 in Staves
  1299 | D:2      | Reached skill level 1 in Slings
  1299 | D:2      | Reached skill level 1 in Bows
  1299 | D:2      | Reached skill level 1 in Crossbows
  1299 | D:2      | Reached skill level 1 in Throwing
  1299 | D:2      | Reached skill level 1 in Armour
  1299 | D:2      | Reached skill level 1 in Shields
  1299 | D:2      | Reached skill level 1 in Unarmed Combat
  1299 | D:2      | Reached skill level 1 in Evocations
  1299 | D:2      | Reached XP level 4. HP: 32/32 MP: 5/13
  1962 | D:3      | Reached skill level 1 in Hexes
  1962 | D:3      | Reached skill level 1 in Charms
  1962 | D:3      | Reached skill level 1 in Necromancy
  1962 | D:3      | Reached skill level 1 in Transmutations
  1962 | D:3      | Reached skill level 1 in Fire Magic
  1962 | D:3      | Reached skill level 1 in Ice Magic
  1962 | D:3      | Reached skill level 1 in Air Magic
  1962 | D:3      | Reached skill level 1 in Earth Magic
  1962 | D:3      | Reached skill level 1 in Poison Magic
  2166 | D:3      | Reached XP level 5. HP: 30/37 MP: 6/14
  2635 | D:3      | Noticed Grinder
  2841 | D:3      | Killed Grinder
  2841 | D:3      | Reached XP level 6. HP: 44/44 MP: 3/16
  3265 | D:4      | Reached skill level 5 in Dodging
  3577 | D:4      | Found a runed translucent gate.
  3578 | D:4      | Found a runed translucent gate.
  3579 | D:4      | Found a runed translucent gate.
  3579 | D:4      | Noticed Aske's ghost (amateur GrGl)
  3633 | D:4      | Noticed Natasha
  3644 | D:4      | Killed Natasha
  4030 | D:4      | Reached XP level 7. HP: 28/50 MP: 2/18
  4046 | D:4      | Identified the +1 helmet of the Accordion {Regen+ Int+2
                  | Stlth-}
  4046 | D:4      | Noticed Robin
  4486 | D:4      | Killed Robin
  4848 | D:4      | Noticed Natasha
  4867 | D:4      | Killed Natasha
  4927 | D:4      | Noticed Natasha
  4950 | D:4      | Killed Natasha
  5241 | D:4      | Found a staircase to the Ecumenical Temple.
  5248 | Temple   | Entered the Ecumenical Temple
  5308 | Temple   | Became a worshipper of Ashenzari the Shackled
  5513 | D:5      | Entered Level 5 of the Dungeon
  5545 | D:5      | Reached skill level 5 in Stealth
  5552 | D:5      | Noticed Duvessa
  5652 | D:5      | Noticed Dowan
  5666 | D:5      | Killed Dowan
  5700 | D:5      | Killed Duvessa
  5700 | D:5      | Reached XP level 8. HP: 23/57 MP: 0/19
  5870 | D:5      | Found a shimmering altar of Xom.
  6198 | D:5      | Found a basalt altar of Yredelemnul.
  6656 | D:5      | Found a shadowy altar of Dithmenos.
  6660 | D:5      | Found a radiant altar of Vehumet.
  7061 | D:6      | Found a snail-covered altar of Cheibriados.
  7261 | D:6      | Reached skill level 8 in Spellcasting
  8001 | D:7      | Noticed Pikel
  8284 | D:7      | Noticed a spriggan baker
  8295 | D:7      | Killed a spriggan baker
  8295 | D:7      | Reached XP level 9. HP: 65/65 MP: 12/21
  8900 | D:7      | Killed Pikel
  9200 | D:7      | Found a glowing golden altar of the Shining One.
  9211 | D:7      | Found an iron altar of Okawaru.
  9375 | D:7      | Reached * piety under Ashenzari
  9385 | D:7      | Found a glowing silver altar of Zin.
  9531 | D:8      | Found an ornate altar of the Wu Jian Council.
  9726 | D:8      | Found a shimmering altar of Xom.
  9777 | D:8      | Found Guilacyoq's Antique Armour Boutique.
  9994 | D:8      | Reached skill level 5 in Invocations
 10068 | D:8      | Found a runed translucent door.
 10071 | D:8      | Found a basalt altar of Yredelemnul.
 10154 | D:9      | Noticed a two-headed ogre
 10176 | D:9      | Killed a two-headed ogre
 10176 | D:9      | Reached XP level 10. HP: 73/73 MP: 7/22
 10390 | D:9      | Found a roughly hewn altar of Beogh.
 10651 | D:9      | Noticed Erolcha
 10680 | D:9      | Killed Erolcha
 10680 | D:9      | Reached skill level 5 in Fighting
 10680 | D:9      | Reached skill level 5 in Short Blades
 10680 | D:9      | Reached skill level 5 in Long Blades
 10680 | D:9      | Reached skill level 5 in Axes
 10680 | D:9      | Reached skill level 5 in Maces & Flails
 10680 | D:9      | Reached skill level 5 in Polearms
 10680 | D:9      | Reached skill level 5 in Staves
 10680 | D:9      | Reached skill level 5 in Slings
 10680 | D:9      | Reached skill level 5 in Bows
 10680 | D:9      | Reached skill level 5 in Crossbows
 10680 | D:9      | Reached skill level 5 in Throwing
 10680 | D:9      | Reached skill level 5 in Armour
 10680 | D:9      | Reached skill level 5 in Shields
 10680 | D:9      | Reached skill level 5 in Unarmed Combat
 10680 | D:9      | Reached skill level 5 in Evocations
 10735 | D:9      | Reached ** piety under Ashenzari
 11113 | D:10     | Entered Level 10 of the Dungeon
 11146 | D:9      | Learned a level 4 spell: Ice Form
 11175 | D:10     | Reached skill level 9 in Spellcasting
 11549 | D:10     | Noticed a two-headed ogre
 11573 | D:10     | Killed a two-headed ogre
 11573 | D:10     | Reached skill level 5 in Conjurations
 11573 | D:10     | Reached skill level 5 in Summonings
 11573 | D:10     | Reached skill level 5 in Translocations
 12484 | D:10     | Found a staircase to the Lair.
 12699 | D:10     | Reached XP level 11. HP: 81/81 MP: 24/24
 13755 | D:11     | Reached skill level 5 in Hexes
 13755 | D:11     | Reached skill level 5 in Charms
 13755 | D:11     | Reached skill level 5 in Necromancy
 13755 | D:11     | Reached skill level 5 in Transmutations
 13755 | D:11     | Reached skill level 5 in Fire Magic
 13755 | D:11     | Reached skill level 5 in Ice Magic
 13755 | D:11     | Reached skill level 5 in Air Magic
 13755 | D:11     | Reached skill level 5 in Earth Magic
 13755 | D:11     | Reached skill level 5 in Poison Magic
 13874 | D:11     | Noticed a brown ugly thing
 13895 | D:11     | Killed a brown ugly thing
 14113 | D:11     | Noticed Sonja
 14189 | D:11     | Killed Sonja
 14432 | D:11     | Noticed Josephine
 14443 | D:11     | Killed Josephine
 14789 | D:12     | Noticed a cyan ugly thing
 14833 | D:12     | Killed a cyan ugly thing
 15060 | D:12     | Reached *** piety under Ashenzari
 15101 | D:12     | Noticed a seven-headed hydra
 15368 | Lair:1   | Entered Level 1 of the Lair of Beasts
 15644 | Lair:1   | Found a runed translucent door.
 15644 | Lair:1   | Found a shimmering altar of Xom.
 15644 | Lair:1   | Noticed Rwicked's ghost (journeyman DDFi)
 15645 | Lair:1   | Noticed a +1 scimitar of chaos
 15654 | Lair:1   | Noticed a six-headed hydra
 15693 | Lair:1   | Reached XP level 12. HP: 73/89 MP: 25/25
 16116 | Lair:2   | Noticed a six-headed hydra
 16125 | Lair:2   | Killed a six-headed hydra
 16406 | Lair:2   | Reached skill level 10 in Spellcasting
 16523 | Lair:1   | Learned a level 3 spell: Regeneration
 17555 | Lair:3   | Noticed Nergalle
 17693 | Lair:3   | Reached **** piety under Ashenzari
 18054 | Lair:3   | Killed Nergalle
 18305 | Lair:3   | Mangled by a blink frog

Skill      XL: |  1  2  3  4  5  6  7  8  9 10 11 12 |
---------------+-------------------------------------+-----
Conjurations   | 2 3 4 5 6 |  6.4
Summonings     | 2 3 4 5 6 |  6.4
Translocations | 2 3 4 5 6 |  6.4
Invocations    | 1 2 3 4 5 6 7 |  7.9
Fighting       | 1 2 3 4 5 6 7 |  7.2
Short Blades   | 1 2 3 4 5 6 7 |  7.2
Long Blades    | 1 2 3 4 5 6 7 |  7.2
Axes           | 1 2 3 4 5 6 7 |  7.2
Maces & Flails | 1 2 3 4 5 6 7 |  7.2
Polearms       | 1 2 3 4 5 6 7 |  7.2
Staves         | 1 2 3 4 5 6 7 |  7.2
Slings         | 1 2 3 4 5 6 7 |  7.2
Bows           | 1 2 3 4 5 6 7 |  7.2
Crossbows      | 1 2 3 4 5 6 7 |  7.2
Throwing       | 1 2 3 4 5 6 7 |  7.2
Armour         | 1 2 3 4 5 6 7 |  7.2
Shields        | 1 2 3 4 5 6 7 |  7.2
Unarmed Combat | 1 2 3 4 5 6 7 |  7.2
Evocations     | 1 2 3 4 5 6 7 |  7.2
Hexes          | 1 2 3 4 5 6 |  6.0
Charms         | 1 2 3 4 5 6 |  6.0
Necromancy     | 1 2 3 4 5 6 |  6.0
Transmutations | 1 2 3 4 5 6 |  6.0
Fire Magic     | 1 2 3 4 5 6 |  6.0
Ice Magic      | 1 2 3 4 5 6 |  6.0
Air Magic      | 1 2 3 4 5 6 |  6.0
Earth Magic    | 1 2 3 4 5 6 |  6.0
Poison Magic   | 1 2 3 4 5 6 |  6.0
Dodging        | 5 6 7 8 |  8.6
Stealth        | 5 6 7 8 |  8.4
Spellcasting   | 8 9 10 | 10.1

Action                   |  1- 3 |  4- 6 |  7- 9 | 10-12 || total
-------------------------+-------+-------+-------+-------++-------
Melee: Morningstar       |       |    34 |    22 |       ||    56
       Bite              |       |     2 |    17 |    11 ||    30
       Punch             |       |     1 |     3 |     2 ||     6
       Dagger            |       |       |   183 |     2 ||   185
       Staff             |       |       |       |   110 ||   110
       Unarmed           |       |       |       |   293 ||   293
 Cast: Magic Dart        |    69 |   100 |    75 |   173 ||   417
       Call Imp          |     2 |    35 |    89 |   138 ||   264
       Mephitic Cloud    |       |    10 |    42 |    46 ||    98
       Conjure Flame     |       |     1 |     5 |     6 ||    12
       Blink             |       |     1 |     9 |    22 ||    32
       Ice Form          |       |       |       |    31 ||    31
       Regeneration      |       |       |       |     1 ||     1
Invok: Curse Item        |       |       |     1 |     1 ||     2
Evoke: Wand              |       |       |       |     4 ||     4
       Lightning rod     |       |       |       |     4 ||     4
  Use: Scroll            |       |       |    23 |     4 ||    27
       Potion            |       |       |       |     1 ||     1
 Stab: Confused          |       |     3 |    11 |    21 ||    35
       Distracted        |       |       |     3 |     3 ||     6
       Sleeping          |       |       |       |     3 ||     3
  Eat: Chunk             |     1 |     5 |    20 |    18 ||    44
       Ration            |       |     1 |     2 |     1 ||     4
Armor: Leather armour    |     2 |    17 |    37 |    41 ||    97
       Skin              |       |       |       |    70 ||    70
Dodge: Dodged            |     3 |    54 |   116 |   359 ||   532
